AoeStats
← 穿山甲

African Clearing

506102886Analyzed
4v4 RM · 19d ago on Sep 12, 2026· 39m 57s· 8 players
Game mode
Random Map
Map size
Large (8 player)
Population
200
Speed
Normal
Resources
Standard
Victory
Conquest
Starting age
Dark Age
Ending age
Imperial Age
RankedLock teamsTeams togetherTeam positionsShared explorationLock speedFull tech treeHidden civsTurbo modeCheats
Victory
Defeat
🇨🇳 Chinese · China
1575
+16
🇨🇳 Muisca · China
1495
+19
🇨🇳 Bohemians · China
1377
+23
🇨🇳 Britons · China
1332
+26
🇫🇷 Mongols · France
1619
-23
🇧🇪 Khitans · Belgium
1594
-22
🇹🇷 Huns · Türkiye
1556
-21
🇪🇸 Japanese · Spain
1468
-18
Saruman
8:02 Loom
11:29 Feudal Age
14:28 Forging
21:40 Castle Age
19:54 Fletching
20:10 Double-Bit Axe
22:33 Bodkin Arrow
23:30 Padded Archer Armor
23:44 Husbandry
33:47 Ballistics
35:10 Bloodlines
37:17 Leather Archer Armor
39:47 Masonry
Globox
2:43 Loom
10:51 Feudal Age
21:23 Fletching
29:18 Double-Bit Axe
29:13 Horse Collar
29:29 Gold Mining
32:32 Wheelbarrow
32:16 Padded Archer Armor
34:42 Town Watch
38:17 Castle Age
36:24 Horse Collar
36:36 Stone Mining
JesusVII
5:06 Loom
12:07 Feudal Age
12:58 Double-Bit Axe
15:02 Forging
20:11 Wheelbarrow
22:47 Castle Age
21:22 Fletching
21:32 Padded Archer Armor
22:31 Bloodlines
24:38 Bodkin Arrow
Malice
4:27 Loom
17:11 Feudal Age
17:47 Double-Bit Axe
21:47 Fletching
27:52 Castle Age
25:57 Domestication
27:08 Forging
28:47 Bodkin Arrow
29:18 Bow Saw
33:08 Padded Archer Armor
33:12 Husbandry
33:51 Pastoralism
36:09 Leather Archer Armor
39:20 Wheelbarrow
41:38 Imperial Age
38:54 Light Cavalry
39:40 Scale Barding Armor
Coriandrum sativum
10:09 Loom
12:31 Feudal Age
14:05 Double-Bit Axe
14:01 Horse Collar
14:15 Gold Mining
16:58 Castle Age
15:19 Fletching
16:09 Padded Archer Armor
18:05 Bodkin Arrow
18:22 Bow Saw
24:29 Wheelbarrow
24:33 Leather Archer Armor
28:12 Wheelbarrow
28:06 Ballistics
35:58 Imperial Age
34:11 Hand Cart
35:25 Gold Shaft Mining
34:53 Heavy Plow
34:57 Stone Mining
35:30 Scale Mail Armor
35:41 Forging
37:18 Bracer
38:25 Chemistry
36:54 Elite Guecha Warrior
38:46 Chain Mail Armor
37:58 Elite Temple Guard
40:07 Plate Mail Armor
39:41 Squires
穿山甲
7:30 Loom
15:20 Feudal Age
20:07 Double-Bit Axe
27:56 Wheelbarrow
38:11 Horse Collar
instant cereal
10:12 Loom
10:36 Loom
12:45 Feudal Age
14:08 Town Watch
13:59 Man-at-Arms
18:15 Wheelbarrow
20:20 Arson
24:20 Double-Bit Axe
26:40 Castle Age
25:17 Fletching
25:28 Padded Archer Armor
26:09 Padded Archer Armor
26:42 Crossbowman
27:18 Bodkin Arrow
32:56 Chemistry
35:42 Ballistics
38:15 Bow Saw
Paladin
3:09 Loom
12:06 Feudal Age
12:57 Man-at-Arms
20:25 Fletching
29:31 Double-Bit Axe
29:53 Horse Collar
32:59 Padded Archer Armor
37:15 Wheelbarrow
41:52 Castle Age
Connection lost

Rejoining the realm…

Still unreachable

The connection could not be restored.

Session expired

The server has moved on; the page needs a fresh start.